 Dungeon Crawl Stone Soup version 0.18.1-50-g88ac8fd (webtiles) character file.

132 GFox the Covered (level 4, -3/40 HPs)
             Began as a Minotaur Fighter on Sept 25, 2016.
             Killed from afar by an orc wizard (12 damage)
             ... with a puff of flame
             ... on level 3 of the Dungeon.
             The game lasted 00:10:39 (1620 turns).

GFox the Covered (Minotaur Fighter)                 Turns: 1620, Time: 00:10:39

Health: -3/40      AC:  7    Str: 21 (22) XL:     4   Next: 92%
Magic:  3/3        EV:  8    Int:  4 (5)  God:
Gold:   103        SH:  9    Dex:  8 (9)  Spells: 0 memorised, 3 levels left

rFire  x . .     SeeInvis .     a - +0 war axe
rCold  + . .     Gourm    .     b - +0 scale mail
rNeg   . . .     Faith    .     c - +0 shield
rPois  .         Spirit   .     (helmet restricted)
rElec  .         Dismiss  .     (no cloak)
rCorr  .         Reflect  .     (no gloves)
SustAt .         Harm     .     (no boots)
MR     .....                    e - amulet of rage
Stlth  ..........               p - ring of loudness (curse)
                                o - ring of ice

@: lethally poisoned (-3 -> -5), not resistant to hostile enchantments,
extremely unstealthy
A: retaliatory headbutt, horns 2
a: Evoke Berserk Rage


You were on level 3 of the Dungeon.
You were hungry.

You visited 1 branch of the dungeon, and saw 3 of its levels.

You collected 103 gold pieces.

Inventory:

Hand Weapons
 a - a +0 war axe (weapon)
Armour
 b - a +0 scale mail (worn)
 c - a +0 shield (worn)
Jewellery
 e - an amulet of rage (around neck)
 o - a ring of ice (left hand)
 p - a cursed ring of loudness (right hand)
Scrolls
 i - a scroll of noise {unknown}
 l - a scroll of remove curse {unknown}
 n - a scroll of blinking
Potions
 d - a potion of might
 h - a potion of haste {unknown}
 j - 2 potions of agility
Comestibles
 f - 3 bread rations
 k - 4 fruits


   Skills:
 + Level 3.8 Fighting
 + Level 3.2 Axes
 + Level 4.8 Armour
 + Level 1.8 Dodging
 + Level 0.3 Stealth
 + Level 4.7 Shields


You had 3 spell levels left.
You didn't know any spells.

Dungeon Overview and Level Annotations

Branches:
Dungeon (3/15)

Altars:


Innate Abilities, Weirdness & Mutations

You reflexively headbutt those who attack you in melee.
You have a pair of horns on your head.


Message History

The puff of frost hits you! The worker ant bites you. Something hits you.
The worker ant barely misses you.
You hear some strange, mumbled words.
A puff of flame appears from out of thin air!
The puff of flame hits you! The fire burns you terribly!
* * * LOW HITPOINT WARNING * * *
You barely miss the worker ant. You headbutt the worker ant!
You kill the worker ant!
You feel your dexterity returning.
You miss something.
You feel sick.
You hear some strange, mumbled words.
A puff of flame appears from out of thin air!
The puff of flame hits you!
* * * LOW HITPOINT WARNING * * *
You miss something. Something hits you.
* * * LOW HITPOINT WARNING * * *
You hear some strange, mumbled words.
A puff of flame appears from out of thin air!
The puff of flame hits you! The fire burns you terribly!
You die...

##### #....##.....
#...####....#..... ...#
##.....<.........(. ....
#..#######.....## .....
#...≈≈8≈≈^....## .....
#....≈≈≈..[...# ..)...
#.##.....####.####......
#.##....### #...{)/.....
#.##......# #...@)......
.....#..<.....####......
....#.....##### .....
......##### .?.. ..##.##
... ..#..# .. ..#.## .
..#. ..#


There were no monsters in sight!

Vanquished Creatures
  A worker ant (D:3)
  3 adders
  2 oozes (D:1)
  A worm (D:2)
  4 dart slugs
  4 orcs (D:3)
  3 giant cockroaches
  7 goblins
  6 hobgoblins
  7 jackals
  A quokka (D:2)
  6 bats
  2 giant newts
  5 kobolds
  5 rats
57 creatures vanquished.

Notes
Turn   | Place    | Note
--------------------------------------------------------------
     0 | D:1      | GFox the Minotaur Fighter began the quest for the Orb.
     0 | D:1      | Reached XP level 1. HP: 19/19 MP: 0/0
    77 | D:1      | Reached XP level 2. HP: 21/26 MP: 1/1
   426 | D:1      | Reached XP level 3. HP: 33/33 MP: 2/2
   515 | D:1      | Reached skill level 1 in Dodging
  1063 | D:2      | Reached XP level 4. HP: 34/40 MP: 3/3
  1620 | D:3      | Killed from afar by an orc wizard

Skill      XL: |  1  2  3  4 |
---------------+-------------+-----
Shields        | 4 |  4.7
Armour         | 4 |  4.8
Dodging        | 1 |  1.8
Axes           | 3 |  3.2
Fighting       | |  3.8
Stealth        | |  0.3

Action                   |  1- 3 |  4- 6 || total
-------------------------+-------+-------++-------
Melee: War axe           |    95 |    41 ||   136
       Headbutt          |    14 |     8 ||    22
  Use: Potion            |       |     4 ||     4
       Scroll            |       |     2 ||     2
 Stab: Distracted        |       |     1 ||     1
  Eat: Chunk             |     1 |     1 ||     2
Armor: Scale mail        |    57 |    31 ||    88
Dodge: Dodged            |    34 |    20 ||    54
Block: Shield            |    45 |    39 ||    84
